EL
CHATTANOOGA LOOKOUTS @ NORTHWEST ARKANSAS NATURALS
08/30/2049
 
TOP OF THE 1ST
Chattanooga Lookouts batting - Pitching for Northwest Arkansas Naturals : RHP Nam Phong
Pitching: RHP Nam Phong
Batting: SHB Matt Urbani 0-0: Called Strike
0-1: Ball
1-1: Called Strike
1-2: Strikes out looking
Batting: RHB Manuel Juarez 0-0: Bunt missed!
0-1: Foul Ball, location: 2F
0-2: Foul Ball, location: 2F
0-2: Fly out, F9 (Flyball, 9LM, EV 96.2 MPH)
Batting: LHB Shaun Price 0-0: Called Strike
0-1: Foul Ball, location: 2F
0-2: Foul Ball, location: 2F
0-2: Strikes out swinging
Top of the 1st over - 0 runs, 0 hits, 0 errors, 0 left on base; Chattanooga 0 - Northwest Arkansas 0
BOTTOM OF THE 1ST
Northwest Arkansas Naturals batting - Pitching for Chattanooga Lookouts : LHP Ryan Rakoff
Pitching: LHP Ryan Rakoff
Batting: RHB Kevin Allen 0-0: Foul Ball, location: 2F
0-1: Ball
1-1: Ball
2-1: Fly out, F3 (Popup, 3L, EV 53.8 MPH)
Batting: RHB Carlos Almada 0-0: Ball
1-0: Reached via error on a dropped throw from 1B, E1 (Groundball, 34, EV 101.9 MPH)
Batting: RHB Nick Julien 0-0: Swinging Strike
0-1: Foul Ball, location: 2F
0-2: 2-RUN HOME RUN (Line Drive, 7LD, EV 104.4 MPH), Distance : 409 ft
Batting: RHB Phil Hamby 0-0: Swinging Strike
0-1: Foul Ball, location: 2F
0-2: Ball
1-2: Foul Ball, location: 2F
1-2: Strikes out looking
Batting: RHB Chad Sullivan 0-0: SINGLE (Line Drive, 7S, EV 94.4 MPH)
Batting: RHB Jon Griffin 0-0: Called Strike
0-1: SINGLE (Groundball, 34, EV 84.4 MPH) (infield hit)
Chad Sullivan to second
Batting: RHB Nate De Jongh 0-0: Foul Ball, location: 2F
0-1: Called Strike
0-2: Strikes out swinging
Bottom of the 1st over - 2 runs, 3 hits, 1 error, 2 left on base; Chattanooga 0 - Northwest Arkansas 2
TOP OF THE 2ND
Chattanooga Lookouts batting - Pitching for Northwest Arkansas Naturals : RHP Nam Phong
Batting: LHB Kuemon Shishido 0-0: Ball
1-0: Ball
2-0: SINGLE (Groundball, 25, EV 67.5 MPH) (infield hit)
Batting: LHB Jayden Thomas 0-0: Ground out 5-3 (Groundball, 6S, EV 67.5 MPH)
Kuemon Shishido to second
Batting: RHB Michael McDonald 0-0: Swinging Strike
0-1: Swinging Strike
0-2: Strikes out swinging
Batting: LHB David Campbell 0-0: Ball
1-0: Ball
2-0: Ball
3-0: Called Strike
3-1: Fly out, F9 (Flyball, 89M, EV 88.8 MPH)
Top of the 2nd over - 0 runs, 1 hit, 0 errors, 1 left on base; Chattanooga 0 - Northwest Arkansas 2
BOTTOM OF THE 2ND
Northwest Arkansas Naturals batting - Pitching for Chattanooga Lookouts : LHP Ryan Rakoff
Batting: RHB Mike Bearden 0-0: Ball
1-0: Ball
2-0: Ground out 4-3 (Groundball, 4, EV 80.0 MPH)
Batting: SHB Danny Ballenger 0-0: Called Strike
0-1: Ground out 6-3 (Groundball, 6, EV 103.1 MPH)
Batting: RHB Kevin Allen 0-0: Swinging Strike
0-1: Called Strike
0-2: Ball
1-2: Strikes out swinging
Bottom of the 2nd over - 0 runs, 0 hits, 0 errors, 0 left on base; Chattanooga 0 - Northwest Arkansas 2
TOP OF THE 3RD
Chattanooga Lookouts batting - Pitching for Northwest Arkansas Naturals : RHP Nam Phong
Batting: LHB Brian Wagner 0-0: Ball
1-0: Foul Ball, location: 2F
1-1: Ball
2-1: Fly out, F7 (Flyball, 7LM, EV 103.1 MPH)
Batting: RHB David Nardone 0-0: Called Strike
0-1: Foul Ball, location: 2F
0-2: Ball
1-2: Ball
2-2: Strikes out swinging
Batting: SHB Matt Urbani 0-0: Called Strike
0-1: Foul Ball, location: 2F
0-2: Foul Ball, location: 2F
0-2: Ball
1-2: Fly out, F7 (Flyball, 78S, EV 82.5 MPH)
Top of the 3rd over - 0 runs, 0 hits, 0 errors, 0 left on base; Chattanooga 0 - Northwest Arkansas 2
BOTTOM OF THE 3RD
Northwest Arkansas Naturals batting - Pitching for Chattanooga Lookouts : LHP Ryan Rakoff
Batting: RHB Carlos Almada 0-0: Ground out 4-3 (Groundball, 4M, EV 87.5 MPH)
Batting: RHB Nick Julien 0-0: Ball
1-0: Called Strike
1-1: Ball
2-1: Ball
3-1: Foul Ball, location: 2F
3-2: Strikes out swinging
Batting: RHB Phil Hamby 0-0: Swinging Strike
0-1: Ball
1-1: Ball
2-1: Foul Ball, location: 2F
2-2: Ground out 5-3 (Groundball, 56, EV 101.2 MPH)
Bottom of the 3rd over - 0 runs, 0 hits, 0 errors, 0 left on base; Chattanooga 0 - Northwest Arkansas 2
TOP OF THE 4TH
Chattanooga Lookouts batting - Pitching for Northwest Arkansas Naturals : RHP Nam Phong
Batting: RHB Manuel Juarez 0-0: Ball
1-0: Ball
2-0: Ball
3-0: Base on Balls
Batting: LHB Shaun Price 0-0: Ball
1-0: Ball
2-0: Foul Ball, location: 2F
2-1: Called Strike
2-2: Ball
3-2: Base on Balls
Manuel Juarez to second
Batting: LHB Kuemon Shishido 0-0: Ball
1-0: Fielders Choice at 2nd, 3-6 (Groundball, 3, EV 104.4 MPH)
Manuel Juarez to third
Batting: LHB Jayden Thomas 0-0: Called Strike
0-1: Ball
1-1: Ball
2-1: Ball
3-1: Fielders Choice at 2nd, 1-6 (Groundball, 34S, EV 75.0 MPH)
Batting: RHB Michael McDonald 0-0: Called Strike
0-1: Ball
1-1: Ball
2-1: Foul Ball, location: 2F
2-2: Strikes out swinging
Top of the 4th over - 0 runs, 0 hits, 0 errors, 2 left on base; Chattanooga 0 - Northwest Arkansas 2
BOTTOM OF THE 4TH
Northwest Arkansas Naturals batting - Pitching for Chattanooga Lookouts : LHP Ryan Rakoff
Batting: RHB Chad Sullivan 0-0: Called Strike
0-1: SINGLE (Groundball, 6D, EV 98.1 MPH)
Batting: RHB Jon Griffin 0-0: Swinging Strike
0-1: DOUBLE (Line Drive, 78XD, EV 106.2 MPH)
Chad Sullivan to third
Batting: RHB Nate De Jongh 0-0: Called Strike
0-1: Ball
1-1: Ball
2-1: Foul Ball, location: 2F
2-2: Ball
3-2: Foul Ball, location: 2F
3-2: Fly out, F8 (Flyball, 89M, EV 86.9 MPH)
Batting: RHB Mike Bearden 0-0: Ground out 6-3 (Groundball, 6, EV 102.5 MPH)
Chad Sullivan scores
Batting: SHB Danny Ballenger 0-0: Ball
1-0: Ball
2-0: Swinging Strike
2-1: Foul Ball, location: 2F
2-2: Foul Ball, location: 2F
2-2: Strikes out looking
Bottom of the 4th over - 1 run, 2 hits, 0 errors, 1 left on base; Chattanooga 0 - Northwest Arkansas 3
TOP OF THE 5TH
Chattanooga Lookouts batting - Pitching for Northwest Arkansas Naturals : RHP Nam Phong
Batting: LHB David Campbell 0-0: Foul Ball, location: 2F
0-1: Swinging Strike
0-2: Strikes out swinging
Batting: LHB Brian Wagner 0-0: Called Strike
0-1: Ball
1-1: Called Strike
1-2: Ball
2-2: Ball
3-2: Base on Balls
Batting: RHB David Nardone 0-0: Foul Ball, location: 2F
0-1: Ball
1-1: Swinging Strike
1-2: DOUBLE (Line Drive, 7LS, EV 105.6 MPH)
Brian Wagner to third
Batting: SHB Matt Urbani 0-0: Ball
1-0: Ball
2-0: Ball
3-0: Base on Balls
Batting: RHB Manuel Juarez 0-0: Ball
1-0: Called Strike
1-1: Ball
2-1: Foul Ball, location: 2F
2-2: Foul Ball, location: 2F
2-2: Strikes out looking
Batting: LHB Shaun Price 0-0: Called Strike
0-1: Foul Ball, location: 2F
0-2: Ball
1-2: Ball
2-2: Foul Ball, location: 2F
2-2: Ball
3-2: Foul Ball, location: 2F
3-2: Ground out 3-1 (Groundball, 34S, EV 88.1 MPH)
Top of the 5th over - 0 runs, 1 hit, 0 errors, 3 left on base; Chattanooga 0 - Northwest Arkansas 3
BOTTOM OF THE 5TH
Northwest Arkansas Naturals batting - Pitching for Chattanooga Lookouts : LHP Ryan Rakoff
Batting: RHB Kevin Allen 0-0: Foul Ball, location: 2F
0-1: Swinging Strike
0-2: Strikes out swinging
Batting: RHB Carlos Almada 0-0: Called Strike
0-1: Foul Ball, location: 2F
0-2: Ball
1-2: Ball
2-2: Strikes out looking
Batting: RHB Nick Julien 0-0: Ground out 4-3 (Groundball, 4, EV 81.2 MPH)
Bottom of the 5th over - 0 runs, 0 hits, 0 errors, 0 left on base; Chattanooga 0 - Northwest Arkansas 3
TOP OF THE 6TH
Chattanooga Lookouts batting - Pitching for Northwest Arkansas Naturals : RHP Nam Phong
Batting: LHB Kuemon Shishido 0-0: SINGLE (Groundball, 4, EV 100.0 MPH)
Batting: LHB Jayden Thomas 0-0: Called Strike
0-1: Ball
1-1: Foul Ball, location: 2F
1-2: Strikes out swinging
Pitching: RHP Josh Rutledge
Batting: RHB Michael McDonald 0-0: Called Strike
0-1: Foul Ball, location: 2F
0-2: Ball
1-2: Foul Ball, location: 2F
1-2: Grounds into double play, 5-4-3 (Groundball, 56, EV 102.5 MPH)
Top of the 6th over - 0 runs, 1 hit, 0 errors, 0 left on base; Chattanooga 0 - Northwest Arkansas 3
BOTTOM OF THE 6TH
Northwest Arkansas Naturals batting - Pitching for Chattanooga Lookouts : LHP Ryan Rakoff
Batting: RHB Phil Hamby 0-0: Ball
1-0: Called Strike
1-1: Called Strike
1-2: Fly out, F7 (Line Drive, 78M, EV 92.5 MPH)
Batting: RHB Chad Sullivan 0-0: Called Strike
0-1: Swinging Strike
0-2: Ball
1-2: Ball
2-2: Foul Ball, location: 2F
2-2: Ball
3-2: Foul Ball, location: 2F
3-2: Fly out, F9 (Flyball, 89D, EV 94.4 MPH)
Batting: RHB Jon Griffin 0-0: Ball
1-0: Swinging Strike
1-1: Ball
2-1: Foul Ball, location: 2F
2-2: Ball
3-2: SOLO HOME RUN (Flyball, 78XD, EV 109.4 MPH), Distance : 423 ft
Batting: RHB Nate De Jongh 0-0: Ball
1-0: Fly out, F4 (Popup, 4, EV 66.2 MPH)
Bottom of the 6th over - 1 run, 1 hit, 0 errors, 0 left on base; Chattanooga 0 - Northwest Arkansas 4
TOP OF THE 7TH
Chattanooga Lookouts batting - Pitching for Northwest Arkansas Naturals : RHP Josh Rutledge
Batting: LHB David Campbell 0-0: Ball
1-0: Ball
2-0: Ball
3-0: Called Strike
3-1: Base on Balls
Batting: LHB Brian Wagner 0-0: Bunted foul
0-1: Bunted foul
0-2: Ball
1-2: Strikes out swinging
Batting: RHB David Nardone 0-0: Foul Ball, location: 2F
0-1: Ball
1-1: Ball
2-1: Ball
3-1: DOUBLE (Line Drive, 78D, EV 109.4 MPH)
David Campbell to third
Runner from 3rd tries for Home, SAFE, throw by LF to trailing runner, OUT at third! 7-3-5
Batting: SHB Matt Urbani 0-0: Called Strike
0-1: Ball
1-1: Ball
2-1: Ball
3-1: Foul Ball, location: 2F
3-2: SINGLE (Line Drive, 6MD, EV 95.6 MPH)
Batting: RHB Manuel Juarez 0-0: Ball
1-0: Called Strike
Matt Urbani steals 2nd base
1-1: Ball
Wild Pitch!
Matt Urbani to third
2-1: Foul Ball, location: 2F
2-2: Strikes out swinging, 2-3 out at first.
Top of the 7th over - 1 run, 2 hits, 0 errors, 1 left on base; Chattanooga 1 - Northwest Arkansas 4
BOTTOM OF THE 7TH
Northwest Arkansas Naturals batting - Pitching for Chattanooga Lookouts : LHP Ryan Rakoff
Batting: RHB Mike Bearden 0-0: Foul Ball, location: 2F
0-1: Fly out, F9 (Flyball, 89D, EV 106.2 MPH)
Batting: SHB Danny Ballenger 0-0: Called Strike
0-1: Ball
1-1: Ball
2-1: Fly out, F9 (Flyball, 9LS, EV 82.5 MPH)
Batting: RHB Kevin Allen 0-0: Swinging Strike
0-1: Foul Ball, location: 2F
0-2: Ball
1-2: Strikes out swinging
Bottom of the 7th over - 0 runs, 0 hits, 0 errors, 0 left on base; Chattanooga 1 - Northwest Arkansas 4
TOP OF THE 8TH
Chattanooga Lookouts batting - Pitching for Northwest Arkansas Naturals : RHP Josh Rutledge
Pitching: RHP John Barnett
Batting: LHB Shaun Price 0-0: Ball
1-0: Ball
2-0: Ball
3-0: Base on Balls
Batting: LHB Kuemon Shishido 0-0: Ball
Wild Pitch!
Shaun Price to second
1-0: Reached on error, E6 (Groundball, 6, EV 95.0 MPH)
Shaun Price to third
Batting: LHB Jayden Thomas 0-0: Fielders Choice at 2nd, 4-6 (Groundball, 34, EV 100.0 MPH)
Shaun Price scores
Batting: RHB Michael McDonald 0-0: Ball
1-0: Ground out 4-3 (Groundball, 4, EV 79.4 MPH)
Jayden Thomas to second
Batting: LHB David Campbell 0-0: Foul Ball, location: 2F
0-1: Foul Ball, location: 2F
0-2: Ball
1-2: Foul Ball, location: 2F
1-2: Fly out, F9 (Line Drive, 89M, EV 108.8 MPH)
Top of the 8th over - 1 run, 0 hits, 1 error, 1 left on base; Chattanooga 2 - Northwest Arkansas 4
BOTTOM OF THE 8TH
Northwest Arkansas Naturals batting - Pitching for Chattanooga Lookouts : LHP Ryan Rakoff
Batting: RHB Carlos Almada 0-0: Ball
1-0: Ball
2-0: Ball
3-0: Called Strike
3-1: Foul Ball, location: 2F
3-2: SINGLE (Line Drive, 8RS, EV 100.0 MPH)
Pitching: RHP Justin Gorden
Batting: RHB Nick Julien 0-0: Ball
Carlos Almada steals 2nd base
1-0: Swinging Strike
1-1: Swinging Strike
1-2: Ball
2-2: Ball
3-2: Strikes out looking
Batting: RHB Phil Hamby 0-0: Intentional Walk
Batting: RHB Chad Sullivan 0-0: Swinging Strike
0-1: Ball
1-1: Called Strike
1-2: Ball
2-2: Strikes out swinging
Batting: RHB Jon Griffin 0-0: Ball
1-0: Called Strike
1-1: Fielders Choice at 2nd, 5-4 (Groundball, 56, EV 84.4 MPH)
Bottom of the 8th over - 0 runs, 1 hit, 0 errors, 2 left on base; Chattanooga 2 - Northwest Arkansas 4
TOP OF THE 9TH
Chattanooga Lookouts batting - Pitching for Northwest Arkansas Naturals : RHP John Barnett
Batting: LHB Brian Wagner 0-0: Foul Ball, location: 2F
0-1: Called Strike
0-2: Hit by Pitch
Batting: RHB David Nardone 0-0: Foul Ball, location: 2F
0-1: Fly out, F7 (Flyball, 78M, EV 81.2 MPH)
Batting: SHB Matt Urbani 0-0: Called Strike
0-1: Swinging Strike
0-2: Ball
1-2: Strikes out looking
Batting: RHB Manuel Juarez 0-0: Ball
1-0: Swinging Strike
1-1: Ball
2-1: Ground out 2-3 (Groundball, 15S, EV 66.9 MPH)
Top of the 9th over - 0 runs, 0 hits, 0 errors, 1 left on base; Chattanooga 2 - Northwest Arkansas 4
Sunday, July 16th , 2023 - OOTP Baseball 24.6 Build 69